 Dungeon Crawl Stone Soup version 0.30-a0-377-g5cb311bc9f (webtiles) character file.

Game seed: 457560516041800893

4328 lesbiats the Grappler (level 10, -1/98 HPs)
             Began as a Troll Fighter on Nov 28, 2022.
             Was a Follower of Wu Jian.
             Slain by a troll (9 damage)
             ... on level 8 of the Dungeon.
             The game lasted 00:23:31 (6472 turns).

lesbiats the Grappler (Troll Fighter)               Turns: 6472, Time: 00:23:31

Health: -1/98      AC:  4    Str: 26    XL:     10   Next: 12%
Magic:  9/9        EV: 10    Int:  8    God:    Wu Jian [*.....]
Gold:   175        SH:  8    Dex:  9    Spells: 9/9 levels left

rFire   . . .      SeeInvis .      - Unarmed
rCold   . . .      Faith    .    b - +0 kite shield
rNeg    . . .      Spirit   .    a - +0 robe
rPois   .          Reflect  .    (helmet restricted)
rElec   .          Harm     .    (no cloak)
rCorr   .          Rampage  .    (gloves unavailable)
Will    .....                    (boots unavailable)
Stlth   +.........               O - amulet of regeneration
HPRegen 1.96/turn                B - ring of wizardry
MPRegen 0.11/turn                (no ring)

@: unable to drink
A: large, unfitting armour, claws 3, regeneration 1, shaggy fur 1, tough skin 1,
inability to drink after injury 1
a: Renounce Religion


You were on level 8 of the Dungeon.
You worshipped Wu Jian.
Wu Jian was aware of your devotion.
You visited 2 branches of the dungeon, and saw 9 of its levels.
You also visited: Sewer.

You collected 616 gold pieces.
You spent 441 gold pieces at shops.

Inventory:

Hand Weapons
 m - the +1 mace of the People {vorpal, rCorr Str+4 Dex-4}
   (You found it on level 2 of the Dungeon)

   It inflicts extra damage upon your enemies.
   Str:       It affects your strength (+4).
   Dex:       It affects your dexterity (-4).
   rCorr:     It protects you from acid and corrosion.
 G - the +1 war axe "Sedd" {freeze, Int+3}
   (You found it on level 6 of the Dungeon)

   It freezes those it strikes, dealing additional cold damage.
   It can also slow down cold-blooded creatures.
   Int:       It affects your intelligence (+3).
Missiles
 r - 8 poisoned darts (quivered)
 w - a curare-tipped dart
 J - 3 boomerangs
Armour
 a - a +0 robe (worn)
 b - a +0 kite shield (worn)
Jewellery
 B - a ring of wizardry (left claw)
 F - a ring of fire
 O - an amulet of regeneration (around neck)
Wands
 x - a wand of flame (34)
 y - a wand of quicksilver (4)
 L - a wand of paralysis (14)
 N - a wand of roots (3)
Scrolls
 d - 2 scrolls of enchant weapon
 f - 5 scrolls of immolation
 g - 7 scrolls of teleportation
 j - 3 scrolls of magic mapping
 n - a scroll of fear {unknown}
 o - a scroll of noise {unknown}
 p - a scroll of fog
 s - a scroll of brand weapon {unknown}
 u - a scroll of blinking {unknown}
 A - 4 scrolls of amnesia
 C - a scroll of summoning
 D - 3 scrolls of poison
 M - 2 scrolls of enchant armour {unknown}
Potions
 c - a potion of might
 e - 3 potions of lignification
 h - 4 potions of curing
 i - a potion of resistance
 k - 3 potions of heal wounds
 l - 6 potions of haste
 q - 2 potions of mutation
 t - a potion of berserk rage
 v - 2 potions of invisibility {unknown}
 z - 2 potions of magic {unknown}
 E - a potion of flight {unknown}
 H - 4 potions of brilliance
 I - a potion of attraction {unknown}
 K - a potion of cancellation {unknown}


   Skills:
 + Level 6.0 Fighting
 + Level 6.0 Dodging
 + Level 6.6 Shields
 * Level 9.6 Unarmed Combat


You had 9 spell levels left.
You didn't know any spells.
Your spell library contained the following spells:

 Spells                   Type           Power      Damage    Failure   Level
 Shock                    Conj/Air       0%         1d3       34%         1
 Ensorcelled Hibernation  Hex/Ice        0%         N/A       45%         2
 Static Discharge         Conj/Air       0%         2-2/arc   45%         2
 Gell's Gravitas          Tloc           0%         N/A       69%         3
 Spider Form              Tmut/Pois      0%         N/A       69%         3
 Swiftness                Air            0%         N/A       69%         3
 Teleport Other           Tloc           0%         N/A       69%         3
 Vhi's Electric Charge    Tloc/Air       0%         N/A       69%         3
 Airstrike                Air            0%         2d(0-16)  97%         4
 Anguish                  Hex/Necr       0%         N/A       97%         4
 Arcjolt                  Conj/Air       0%         1d10      100%        5
 Lightning Bolt           Conj/Air       0%         1d11      100%        5
 Dispersal                Tloc           0%         N/A       100%        6


Dungeon Overview and Level Annotations

Branches:
Dungeon (8/15)             Temple (1/1) D:5           Sewer (visited)
   Lair: D:8-11

Altars:
Elyvilon
Hepliaklqana
Qazlal
Ru
Uskayaw
Vehumet
Wu Jian
Xom
The Shining One


Innate Abilities, Weirdness & Mutations

You are too large for most types of armour.
You have claws for hands.
Your natural rate of healing is unusually fast.
You are covered in fur. (AC +1)
You have tough skin. (AC +1)
You occasionally lose the ability to drink potions when taking damage.


Message History

You block the ufetubus's attack. The ufetubus hits you.
The ufetubus barely misses you. x2
The ynoxinul gestures at you. The iron shot hits you!!
You scratch the ynoxinul.
The ynoxinul is severely wounded.
You block the ufetubus's attack. x2; The ynoxinul hits you.
The ufetubus hits you but does no damage. x2
You mangle the ynoxinul!!
You kill the ynoxinul!
The Council accepts your kill.
The ufetubus disappears in a puff of smoke! x2
The troll bites you! The troll claws you. x2
You barely miss the troll. You block the troll's attack.
The troll claws you but does no damage. The troll closely misses you.
You closely miss the troll. The troll bites you!!
You feel threatened and lose the ability to drink potions!
* * * LOW HITPOINT WARNING * * *
You block the troll's attack. The troll barely misses you.
You claw the troll!
The troll is moderately wounded.
You block the troll's attack. The troll claws you.
* * * LOW HITPOINT WARNING * * *
The troll barely misses you.
You cannot drink potions in your current state!
The troll attacks as you move away! The troll barely misses you.
The troll claws you.
* * * LOW HITPOINT WARNING * * *
You block the troll's attack.
You cannot drink potions in your current state!
The troll attacks as you move away! The troll bites you.
* * * LOW HITPOINT WARNING * * *
The troll claws you.
* * * LOW HITPOINT WARNING * * *
The troll claws you but does no damage.
You cannot drink potions in your current state!
As you read the scroll of fog, it crumbles to dust.
The scroll dissolves into smoke.
You block the troll's attack. The troll claws you!
You die...

...#.......###.......#
...#....#.........##.#
........#..###....#...
#..................... .
................>.......
......#.†..##......##...
......#.####.....##.....
#......## #...§§§..(#
#.#...## ###.T@§...#
#....## ##..§§#......
#...## #.....#......
...## #......# .....
...# #...#...... ...
......# #..(##..........
.....###...# ......... .
##..## ..(# #####.....
...## :.# .....


You could see a troll.

Vanquished Creatures
  4 gargoyles (D:7)
  The ghost of Pooter the Blocker, an amateur GnWn (D:4)
  Prince Ribbit (D:5)
  A shadow (D:6)
  A ynoxinul (D:8)
  Menkaure (D:4)
  An acid dragon (D:4)
  An orc warrior (D:5)
  2 sky beasts
  An ice beast (D:5)
  A black bear (D:7)
  A centaur (D:5)
  3 necrophages
  2 bullfrogs
  2 kobold brigands
  2 gnoll sergeants
  3 scorpions
  2 howler monkeys (D:5)
  An orc priest (D:4)
  A hound (D:4)
  5 jellies
  4 orc wizards
  Terence (D:2)
  5 iguanas
  Natasha (thrice) (D:2)
  9 gnolls
  11 adders
  A river rat (Sewer)
  A shadow imp (D:5)
  A white imp (D:5)
  2 ufetubi
  2 worms (Sewer)
  A dart slug (D:1)
  25 orcs
  4 ball pythons
  7 endoplasms
  3 giant cockroaches
  4 goblins
  3 hobgoblins
  A jackal (D:4)
  12 kobolds
  7 quokkas
  5 bats
  3 frilled lizards
  17 rats
169 creatures vanquished.

Vanquished Creatures (others)
  15 plants
15 creatures vanquished.

Grand Total: 184 creatures vanquished

Notes
Turn   | Place    | Note
-------+----------+-------------------------------------------
     0 | D:1      | lesbiats the Troll Fighter began the quest for the Orb.
     0 | D:1      | Reached XP level 1. HP: 22/22 MP: 0/0
   227 | D:1      | Reached XP level 2. HP: 29/29 MP: 1/1
   353 | D:1      | Found a faded altar of an unknown god.
   390 | D:1      | Found Idoojisi's Magic Scroll Emporium.
   393 | D:1      | Bought a scroll of teleportation for 39 gold pieces
   393 | D:1      | Bought a scroll of identify for 26 gold pieces
   755 | D:2      | Reached XP level 3. HP: 31/36 MP: 2/2
   823 | D:2      | Found a shimmering altar of Xom.
   983 | D:2      | Identified the +1 mace of the People {vorpal, rCorr Str+4
                  | Dex-4}
  1060 | D:2      | Noticed Natasha
  1060 | D:2      | Noticed Terence
  1068 | D:2      | Killed Natasha
  1069 | D:2      | Reached skill level 3 in Unarmed Combat
  1069 | D:2      | Reached XP level 4. HP: 44/44 MP: 3/3
  1079 | D:2      | Killed Terence
  1752 | D:3      | Found a glowing golden altar of the Shining One.
  2157 | D:4      | Noticed an acid dragon
  2160 | D:4      | Killed an acid dragon
  2161 | D:4      | Reached skill level 4 in Unarmed Combat
  2161 | D:4      | Reached XP level 5. HP: 47/53 MP: 4/4
  2261 | D:4      | Found a glowing drain.
  2269 | Sewer    | Entered a sewer
  2348 | Sewer    | Reached XP level 6. HP: 52/61 MP: 5/5
  2561 | Sewer    | Gained mutation: You occasionally lose the ability to drink
                  | potions when taking damage. [potion of mutation]
  2781 | D:4      | Noticed Menkaure
  2954 | D:4      | Found a runed translucent door.
  2957 | D:4      | Noticed Pooter's ghost (amateur GnWn)
  2979 | D:4      | Reached skill level 5 in Unarmed Combat
  3018 | D:4      | Killed Menkaure
  3019 | D:4      | Reached XP level 7. HP: 68/68 MP: 6/6
  3177 | D:2      | Noticed Natasha
  3184 | D:2      | Killed Natasha
  3414 | D:2      | Noticed Natasha
  3425 | D:2      | Killed Natasha
  3501 | D:5      | Entered Level 5 of the Dungeon
  3508 | D:5      | Found a radiant altar of Vehumet.
  3527 | D:5      | Found a hazy altar of Hepliaklqana.
  3607 | D:5      | Found a staircase to the Ecumenical Temple.
  3686 | Temple   | Entered the Ecumenical Temple
  3699 | Temple   | Became a worshipper of the Wu Jian Council
  3753 | D:5      | Reached skill level 6 in Unarmed Combat
  3773 | D:5      | Reached XP level 8. HP: 76/78 MP: 7/7
  3803 | D:5      | Noticed Prince Ribbit
  3812 | D:5      | Killed Prince Ribbit
  3813 | D:5      | Reached skill level 5 in Shields
  3813 | D:5      | Reached skill level 7 in Unarmed Combat
  4194 | D:1      | Bought a scroll of magic mapping for 97 gold pieces
  4194 | D:1      | Bought a scroll of identify for 26 gold pieces
  4194 | D:1      | Bought a scroll of summoning for 123 gold pieces
  4194 | D:1      | Bought a scroll of immolation for 52 gold pieces
  4194 | D:1      | Bought a scroll of identify for 26 gold pieces
  4398 | D:4      | Found a sacrificial altar of Ru.
  4541 | D:6      | Found a stormy altar of Qazlal.
  4544 | D:6      | Noticed an air elemental
  4600 | D:6      | Found a white marble altar of Elyvilon.
  4691 | D:6      | Reached skill level 5 in Fighting
  4691 | D:6      | Reached skill level 5 in Dodging
  4691 | D:6      | Reached XP level 9. HP: 72/88 MP: 8/8
  4880 | D:6      | Reached * piety under Wu Jian
  4907 | D:6      | Identified the +1 war axe "Sedd" {freeze, Int+3}
  5133 | D:6      | Reached skill level 8 in Unarmed Combat
  5391 | D:1      | Bought a scroll of amnesia for 52 gold pieces
  5515 | D:4      | Killed Pooter's ghost
  5897 | D:7      | Noticed a gargoyle
  5907 | D:7      | Killed a gargoyle
  5908 | D:7      | Reached skill level 9 in Unarmed Combat
  5986 | D:7      | Noticed a gargoyle
  5989 | D:7      | Killed a gargoyle
  6017 | D:7      | Noticed a gargoyle
  6022 | D:7      | Killed a gargoyle
  6051 | D:7      | Noticed a gargoyle
  6063 | D:7      | Killed a gargoyle
  6064 | D:7      | Reached XP level 10. HP: 43/98 MP: 9/9
  6472 | D:8      | Slain by a troll

Illustrated notes

Levels and vault maps discovered:
D:1:      lemuel_arrival_muddy, layout_loops_ring,
          hellmonk_ecumenical_altar_defaced_shrine, serial_shops,
          nicolae_shop_behind_doors
D:2:      layout_basic, basic_altar, minmay_crystal_water,
          minmay_misc_feat_tiny, nicolae_concentric_dashed_squares_mild,
          minmay_misc_feat_pillars, kennysheep_generic_room_2, uniq_natasha,
          uniq_terence
D:3:      layout_basic, mainiacjoe_overflow_24_doors, st_stairs_8
D:4:      cheibrodos_old_hovel, layout_loops_ring, nicolae_ru_path_of_blood,
          gup_sewer_entry_bubbles, ebering_ghost_reflecting_pool, uniq_menkaure
D:5:      cheibrodos_barr_body, layout_rooms, mainiacjoe_overflow_alcove_1,
          mainiacjoe_overflow_cross_hatched, minmay_temple_entry_glass,
          uniq_prince_ribbit1
D:6:      layout_basic, nicolae_qazlal_style_of_elements,
          nicolae_overflow_crystal_walls
D:7:      cheibrodos_statue_roulette, layout_rooms
D:8:      layout_cave_pools, nzn_overflow_gifts_of_might_and_magic, uniq_pikel
Temple:   nicolae_temple_superstar

Skill      XL: |  1  2  3  4  5  6  7  8  9 10 |
---------------+-------------------------------+-----
Shields        | 3 4 5 6 |  6.6
Unarmed Combat | 3 4 5 6 7 9 |  9.6
Fighting       | 3 4 5 6 |  6.0
Dodging        | 3 4 5 6 |  6.0

Action                   |  1- 3 |  4- 6 |  7- 9 | 10-12 || total
-------------------------+-------+-------+-------+-------++-------
Melee: Unarmed           |    71 |   193 |   266 |    16 ||   546
Throw: Dart              |       |       |       |     3 ||     3
Invok: Lunge             |       |       |    15 |     1 ||    16
       Whirlwind         |       |       |     7 |     1 ||     8
  Use: Scroll            |     1 |     2 |     6 |     1 ||    10
       Potion            |       |     3 |     1 |       ||     4
 Stab: Sleeping          |     1 |       |       |       ||     1
Armor: Robe              |    26 |    40 |    41 |     9 ||   116
Dodge: Dodged            |    19 |    56 |    74 |    12 ||   161
Block: Kite shield       |    20 |    67 |    81 |    12 ||   180

Table legend: (Time is in decaauts)
 A = Elapsed time spent in this place.
 B = Non-inter-level travel time spent in this place.
 C = Inter-level travel time spent in this place.
 D = Time resting spent in this place.
 E = Time spent auto-exploring this place.
 F = Levels seen in this place.
 G = Mean time per level.
                   A        B        C        D        E       F      G
               +--------+--------+--------+--------+--------+-----+--------+
         Total |   6591 |   5533 |   1058 |    388 |   3734 |  10 |  659.1 |
       Dungeon |   6201 |   5162 |   1039 |    388 |   3552 |   8 |  775.1 |
        Temple |     31 |     12 |     19 |      0 |      8 |   1 |   31.0 |
         Sewer |    357 |    357 |      0 |      0 |    174 |   1 |  357.0 |
               +--------+--------+--------+--------+--------+-----+--------+

Top non-repeatable levels by time:
     D:3: 1069 daAuts
     D:2: 990 daAuts
     D:4: 980 daAuts
     D:1: 829 daAuts
     D:6: 785 daAuts
     D:7: 705 daAuts
     D:5: 649 daAuts
   Sewer: 357 daAuts
     D:8: 192 daAuts
  Temple: 31 daAuts
